 Dungeon Crawl Stone Soup version 0.19-a0-1879-gd95bc26 (webtiles) character file.

299 Minion the Ducker (level 6, -2/47 HPs)
             Began as a Human Monk on Oct 14, 2016.
             Slain by Purgy (7 damage)
             ... on level 3 of the Dungeon.
             The game lasted 00:06:47 (3594 turns).

Minion the Ducker (Human Monk)                      Turns: 3594, Time: 00:06:47

Health: -2/47      AC:  2    Str: 11    XL:     6   Next: 63%
Magic:  6/6        EV: 14    Int: 10    God:
Gold:   126        SH:  0    Dex: 18    Spells: 0 memorised, 5 levels left

rFire  . . .     SeeInvis .       - Unarmed
rCold  . . .     Gourm    .     a - +0 robe
rNeg   . . .     Faith    .     (no shield)
rPois  .         Spirit   .     (no helmet)
rElec  .         Dismiss  .     (no cloak)
rCorr  .         Reflect  .     (no gloves)
MR     .....     Harm     .     (no boots)
Stlth  +++.......               (no amulet)
                                (no ring)
                                (no ring)

@: drained
A: no striking features
a: no special abilities


You were on level 3 of the Dungeon.
You were very hungry.

You visited 1 branch of the dungeon, and saw 3 of its levels.

You collected 126 gold pieces.

Inventory:

Armour
 a - a +0 robe (worn)
Scrolls
 b - a scroll of immolation {unknown}
 c - 3 scrolls of identify
 d - a scroll of amnesia {unknown}
 e - 2 scrolls of enchant weapon {unknown}
 i - a scroll of teleportation {unknown}
 j - a scroll of fear {unknown}
 l - a scroll of fog {unknown}
 n - a scroll of remove curse {unknown}
Potions
 f - a potion of flight {unknown}
 g - a potion of ambrosia {unknown}
 h - a potion of curing {unknown}
 k - 2 potions of heal wounds
 m - 2 potions of mutation {unknown}


   Skills:
 - Level 3.0(2.0) Fighting
 + Level 4.6(3.6) Dodging
 + Level 4.4(3.4) Stealth
 + Level 4.5(3.5) Unarmed Combat


You had 5 spell levels left.
You didn't know any spells.

Dungeon Overview and Level Annotations

Branches:
Dungeon (3/15)

Altars:

Annotations:
D:3 Purgy


Message History

Purgy misses you. Purgy barely misses you. Purgy misses you.
You closely miss Purgy.
Purgy is severely wounded.
Purgy bites you!
* * * LOW HITPOINT WARNING * * *
Purgy misses you. Purgy closely misses you.
You completely miss Purgy.
Purgy is severely wounded.
Purgy barely misses you. Purgy claws you.
* * * LOW HITPOINT WARNING * * *
Purgy claws you but does no damage.
You completely miss Purgy.
Purgy is severely wounded.
Purgy barely misses you. Purgy claws you.
* * * LOW HITPOINT WARNING * * *
Purgy closely misses you.
You hit Purgy.
Purgy is severely wounded.
Purgy bites you!
You die...

#.........#
+.........+
#.........#
#....%.?# #.....#
#...# #'# #T# #@###
##########.#.##
............#.#
.#######.....######
##..........
##.######## #.# #.#
#.#


You could see Purgy.

Vanquished Creatures
  Sigmund (D:2)
  An orc priest (D:3)
  Ijyb (D:2)
  Robin (D:2)
  An adder (D:2)
  An ooze (D:1)
  A worm (D:2)
  A dart slug (D:1)
  A leopard gecko (D:2)
  3 orcs (D:3)
  4 giant cockroaches
  12 goblins
  12 hobgoblins
  7 kobolds
  4 bats
  3 frilled lizards
  5 rats
59 creatures vanquished.

Notes
Turn   | Place    | Note
-------+----------+-------------------------------------------
     0 | D:1      | Minion the Human Monk began the quest for the Orb.
     0 | D:1      | Reached XP level 1. HP: 18/18 MP: 1/1
    82 | D:1      | Reached XP level 2. HP: 23/24 MP: 2/2
   520 | D:1      | Reached XP level 3. HP: 18/29 MP: 3/3
  1780 | D:2      | Noticed Sigmund
  1816 | D:2      | Killed Sigmund
  1816 | D:2      | Reached XP level 4. HP: 9/35 MP: 4/4
  1816 | D:2      | Reached XP level 5. HP: 11/41 MP: 5/5
  1816 | D:2      | Reached XP level 6. HP: 13/47 MP: 6/6
  2094 | D:2      | Noticed Robin
  2112 | D:2      | Killed Robin
  2134 | D:2      | HP: 2/47 [hobgoblin/club[Robin] (4)]
  2570 | D:2      | Noticed Ijyb
  2591 | D:2      | Killed Ijyb
  3565 | D:3      | Noticed Purgy
  3594 | D:3      | Slain by Purgy

Vault maps used:
D:1:      minmay_arrival_three_doors
D:2:      uniq_robin, uniq_sigmund, uniq_iyjb
D:3:      first_bread, uniq_crazy_yiuf_cottage, uniq_purgy

Skill      XL: |  1  2  3  4  5  6 |
---------------+-------------------+-----
Dodging        | 4 |  4.6
Stealth        | 3 4 |  4.4
Unarmed Combat | 4 |  4.5
Fighting       | |  3.0

Action                   |  1- 3 |  4- 6 || total
-------------------------+-------+-------++-------
Melee: Unarmed           |   132 |   157 ||   289
       Punch             |     1 |     3 ||     4
  Use: Scroll            |       |     1 ||     1
 Stab: Sleeping          |     7 |     1 ||     8
       Distracted        |       |     1 ||     1
  Eat: Chunk             |     1 |     2 ||     3
       Bread ration      |     1 |       ||     1
Armor: Robe              |    31 |    15 ||    46
Dodge: Dodged            |    86 |   125 ||   211
